2935 views
Uploaded 2019-12-01 20:46:42
Game version 1.32.0.2 / 1.32.0.2.1
30:04 long 3on3 ladder game on (8)Mur'gulOasis_LV
Saved by iggythefisk
2935 views
Uploaded 2019-12-01 20:46:42
Game version 1.32.0.2 / 1.32.0.2.1
30:04 long 3on3 ladder game on (8)Mur'gulOasis_LV


108 units @ 13.9k
/ 1.3k
68 buildings @ 10.5k
/ 4.7k
| Acolyte | 14 | 1050 | / | 0 |
| Ghoul | 6 | 720 | / | 0 |
| Crypt Fiend | 2 | 430 | / | 80 |
| Necromancer | 1 | 145 | / | 20 |
| Banshee | 1 | 155 | / | 30 |
| Frost Wyrm | 1 | 385 | / | 120 |
| Gargoyle | 1 | 175 | / | 30 |
| total: | 26 | 3060g | / | 280w |
| Spirit Tower | 7 | 1015 | / | 280 |
| Nerubian Tower | 4 | 400 | / | 80 |
| Crypt | 1 | 200 | / | 50 |
| Ziggurat | 11 | 1650 | / | 550 |
| Graveyard | 1 | 215 | / | 0 |
| Altar of Darkness | 1 | 180 | / | 50 |
| Tomb of Relics | 1 | 130 | / | 30 |
| Slaughterhouse | 1 | 140 | / | 135 |
| Temple of the Damned | 1 | 155 | / | 140 |
| Sacrificial Pit | 2 | 150 | / | 300 |
| Boneyard | 1 | 175 | / | 200 |
| Halls of the Dead | 1 | 320 | / | 210 |
| Black Citadel | 1 | 325 | / | 230 |
| total: | 20 | 2995g | / | 1455w |
| 0:34 | Acolyte |
| 1:05 | Crypt |
| 1:10 | Acolyte |
| 1:12 | Acolyte |
| 1:26 | Acolyte |
| 1:26 | Acolyte |
| 1:26 | Acolyte |
| 1:27 | Acolyte |
| 1:40 | Ziggurat |
| 2:20 | Ziggurat |
| 2:30 | Ziggurat |
| 2:51 | Graveyard |
| 3:10 | Ghoul |
| 3:11 | Ghoul |
| 3:11 | Ghoul |
| 5:00 | Spirit Tower |
| 5:02 | Spirit Tower |
| 5:11 | Acolyte |
| 5:11 | Acolyte |
| 5:11 | Acolyte |
| 5:12 | Acolyte |
| 5:12 | Acolyte |
| 5:16 | Crypt Fiend |
| 5:17 | Ghoul |
| 5:18 | Crypt Fiend |
| 6:11 | Spirit Tower |
| 6:23 | Unholy Strength |
| 6:53 | Altar of Darkness |
| 7:39 | Cannibalize |
| 7:47 | Halls of the Dead |
| 7:57 | Ziggurat |
| 8:02 | Ziggurat |
| 8:07 | Ziggurat |
| 8:12 | Ziggurat |
| 8:48 | Unholy Armor |
| 8:55 | Spirit Tower |
| 8:57 | Nerubian Tower |
| 9:02 | Spirit Tower |
| 9:08 | Ghoul |
| 9:09 | Ghoul |
| 9:21 | Creature Attack |
| 10:18 | Nerubian Tower |
| 11:01 | Black Citadel |
| 11:03 | Improved Unholy Strength |
| 12:07 | Slaughterhouse |
| 12:32 | Ziggurat |
| 12:53 | Temple of the Damned |
| 12:57 | Improved Unholy Armor |
| 13:02 | Burrow |
| 13:47 | Sacrificial Pit |
| 13:52 | Spirit Tower |
| 14:12 | Sacrificial Pit |
| 14:19 | Improved Creature Attack |
| 14:29 | Ghoul Frenzy |
| 14:33 | Exhume Corpses |
| 14:48 | Tomb of Relics |
| 14:54 | Banshee Adept Training |
| 15:01 | Ziggurat |
| 15:15 | Acolyte |
| 15:17 | Acolyte |
| 16:39 | Ziggurat |
| 16:41 | Nerubian Tower |
| 16:47 | Ziggurat |
| 16:56 | Disease Cloud |
| 17:01 | Advanced Unholy Strength |
| 17:03 | Advanced Creature Attack |
| 17:04 | Advanced Unholy Armor |
| 17:04 | Creature Carapace |
| 17:18 | Web |
| 17:36 | Necromancer Adept Training |
| 17:38 | Banshee Master Training |
| 17:56 | Nerubian Tower |
| 18:03 | Spirit Tower |
| 19:06 | Boneyard |
| 19:15 | Stone Form |
| 19:25 | Destroyer Form |
| 19:35 | Necromancer Master Training |
| 19:37 | Skeletal Mastery |
| 19:44 | Necromancer |
| 19:45 | Banshee |
| 20:29 | Freezing Breath |
| 20:34 | Frost Wyrm |
| 20:47 | Gargoyle |
| Select | 190 |
| Build/train/purchase | 70 |
| Misc. action | 33 |
| Use ability | 27 |
| Esc | 21 |
| Right click | 1 |



| Lesser Clarity Potion | 12 | 840 |
| Healing Salve | 9 | 900 |
| Potion of Mana | 1 | 200 |
| Orb of Lightning | 1 | 375 |
| Scroll of Town Portal | 2 | 700 |
| Potion of Lesser Invulnerability | 1 | 150 |
| total: | 26 | 3165g |
| Peon | 27 | 2025 | / | 0 |
| Grunt | 3 | 600 | / | 0 |
| Raider | 12 | 2160 | / | 480 |
| Kodo Beast | 2 | 510 | / | 120 |
| Wind Rider | 4 | 1060 | / | 160 |
| total: | 48 | 6355g | / | 760w |
| Watch Tower | 15 | 1650 | / | 1200 |
| Altar of Storms | 1 | 180 | / | 50 |
| Orc Burrow | 7 | 1120 | / | 280 |
| Barracks | 1 | 180 | / | 50 |
| Voodoo Lounge | 4 | 520 | / | 120 |
| War Mill | 1 | 205 | / | 0 |
| Great Hall | 2 | 770 | / | 370 |
| Beastiary | 2 | 290 | / | 280 |
| Stronghold | 1 | 315 | / | 190 |
| Fortress | 1 | 325 | / | 190 |
| total: | 33 | 4915g | / | 2350w |
| 0:03 | Altar of Storms |
| 0:04 | Orc Burrow |
| 0:07 | Peon |
| 0:17 | Peon |
| 0:30 | Barracks |
| 0:41 | Peon |
| 0:50 | Peon |
| 1:07 | Peon |
| 1:15 | Peon |
| 1:28 | Orc Burrow |
| 1:44 | Grunt |
| 1:54 | Peon |
| 2:03 | Wind Walk |
| 2:15 | Voodoo Lounge |
| 2:24 | Voodoo Lounge |
| 2:31 | Voodoo Lounge |
| 2:43 | Stronghold |
| 3:14 | Grunt |
| 3:20 | War Mill |
| 3:38 | Lesser Clarity Potion |
| 3:38 | Healing Salve |
| 3:50 | Orc Burrow |
| 4:11 | Grunt |
| 4:20 | Lesser Clarity Potion |
| 4:55 | Spiked Barricades |
| 5:03 | Critical Strike |
| 5:23 | Beastiary |
| 5:30 | Beastiary |
| 6:22 | Wind Walk |
| 6:26 | Healing Wave |
| 6:28 | Raider |
| 6:30 | Steel Armor |
| 6:30 | Steel Melee Weapons |
| 6:34 | Orc Burrow |
| 6:37 | Raider |
| 6:52 | Peon |
| 6:56 | Lesser Clarity Potion |
| 7:01 | Lesser Clarity Potion |
| 7:01 | Healing Salve |
| 7:01 | Healing Salve |
| 7:13 | Ensnare |
| 7:18 | Raider |
| 8:06 | Raider |
| 8:10 | Reinforced Defenses |
| 8:30 | Raider |
| 9:12 | Raider |
| 9:15 | Thorium Melee Weapons |
| 9:16 | Pillage |
| 10:22 | Serpent Ward |
| 10:39 | Scroll of Town Portal |
| 10:40 | Lesser Clarity Potion |
| 10:40 | Lesser Clarity Potion |
| 10:49 | Healing Salve |
| 10:55 | Scroll of Town Portal |
| 11:00 | Raider |
| 11:03 | Fortress |
| 11:07 | Improved Spiked Barricades |
| 11:37 | Critical Strike |
| 11:59 | Potion of Lesser Invulnerability |
| 12:13 | Great Hall |
| 12:25 | Great Hall |
| 13:01 | Healing Wave |
| 14:07 | Arcanite Melee Weapons |
| 14:17 | Orc Burrow |
| 14:19 | Peon |
| 14:19 | Peon |
| 14:21 | Watch Tower |
| 14:24 | Watch Tower |
| 14:35 | Healing Salve |
| 14:36 | Lesser Clarity Potion |
| 14:44 | Lesser Clarity Potion |
| 14:44 | Healing Salve |
| 15:03 | Potion of Mana |
| 15:08 | Peon |
| 15:09 | Peon |
| 15:09 | Peon |
| 15:09 | Peon |
| 15:22 | Thorium Armor |
| 16:28 | Peon |
| 16:28 | Peon |
| 16:37 | Kodo Beast |
| 16:39 | War Drums Damage Increase |
| 16:44 | Kodo Beast |
| 16:48 | Watch Tower |
| 16:48 | Watch Tower |
| 16:51 | Orc Burrow |
| 17:03 | Peon |
| 17:03 | Peon |
| 17:30 | Backpack |
| 17:45 | Raider |
| 18:48 | Watch Tower |
| 18:48 | Watch Tower |
| 18:49 | Watch Tower |
| 19:02 | Rain of Fire |
| 19:21 | Raider |
| 19:24 | Lesser Clarity Potion |
| 19:27 | Healing Salve |
| 19:36 | Peon |
| 19:37 | Peon |
| 19:39 | Watch Tower |
| 20:19 | Raider |
| 20:20 | Burning Oil |
| 20:26 | Peon |
| 20:26 | Peon |
| 20:35 | Wind Walk |
| 22:02 | Raider |
| 22:03 | Raider |
| 22:22 | Serpent Ward |
| 22:36 | Peon |
| 22:36 | Peon |
| 22:42 | Envenomed Spears |
| 22:43 | Wind Rider |
| 22:44 | Wind Rider |
| 23:14 | Orc Burrow |
| 23:28 | Watch Tower |
| 23:29 | Watch Tower |
| 23:31 | Peon |
| 23:35 | Watch Tower |
| 23:36 | Watch Tower |
| 23:52 | Peon |
| 23:53 | Peon |
| 24:23 | Wind Rider |
| 24:29 | Watch Tower |
| 24:34 | Watch Tower |
| 24:40 | Watch Tower |
| 25:54 | Voodoo Lounge |
| 26:00 | Wind Rider |
| 26:27 | Lesser Clarity Potion |
| 26:28 | Healing Salve |
| 28:43 | Lesser Clarity Potion |
| 28:52 | Orb of Lightning |
| 28:57 | Lesser Clarity Potion |
| 28:57 | Healing Salve |
| Right click | 1262 |
| Select | 647 |
| Select group | 510 |
| Build/train/purchase | 185 |
| Use ability | 138 |
| Misc. action | 46 |
| Assign group | 44 |
| Chat | 19 |
| Item give/drop | 11 |
| Esc | 3 |
| Remove unit | 1 |
| Minimap ping | 1 |


| Peon | 15 | 1125 | / | 0 |
| Grunt | 9 | 1800 | / | 0 |
| Troll Headhunter | 7 | 980 | / | 140 |
| Demolisher | 2 | 440 | / | 100 |
| Troll Witch Doctor | 1 | 145 | / | 25 |
| total: | 34 | 4490g | / | 265w |
| Watch Tower | 2 | 220 | / | 160 |
| Altar of Storms | 1 | 180 | / | 50 |
| Barracks | 2 | 360 | / | 100 |
| War Mill | 1 | 205 | / | 0 |
| Orc Burrow | 6 | 960 | / | 240 |
| Voodoo Lounge | 1 | 130 | / | 30 |
| Great Hall | 1 | 385 | / | 185 |
| Spirit Lodge | 1 | 150 | / | 150 |
| Stronghold | 1 | 315 | / | 190 |
| Fortress | 1 | 325 | / | 190 |
| total: | 15 | 2590g | / | 915w |
| 0:04 | Peon |
| 0:04 | Peon |
| 0:04 | Peon |
| 0:04 | Peon |
| 0:05 | Peon |
| 0:19 | Altar of Storms |
| 0:40 | Barracks |
| 0:46 | Barracks |
| 1:01 | War Mill |
| 1:48 | Orc Burrow |
| 1:49 | Orc Burrow |
| 1:53 | Orc Burrow |
| 3:02 | Peon |
| 3:02 | Peon |
| 3:03 | Peon |
| 3:03 | Peon |
| 3:03 | Peon |
| 3:10 | Pillage |
| 3:58 | Orc Burrow |
| 4:00 | Orc Burrow |
| 4:13 | Healing Wave |
| 4:29 | Grunt |
| 5:18 | Grunt |
| 5:53 | Troll Headhunter |
| 5:54 | Troll Headhunter |
| 6:02 | Troll Headhunter |
| 7:43 | Grunt |
| 7:52 | Serpent Ward |
| 8:31 | Watch Tower |
| 8:32 | Watch Tower |
| 9:07 | Grunt |
| 10:00 | Orc Burrow |
| 10:23 | Voodoo Lounge |
| 10:29 | Stronghold |
| 10:52 | Troll Headhunter |
| 10:58 | Troll Headhunter |
| 13:07 | Pocket Factory |
| 13:26 | Great Hall |
| 15:01 | Backpack |
| 15:02 | Peon |
| 15:02 | Peon |
| 15:02 | Peon |
| 16:14 | Spirit Lodge |
| 16:32 | Peon |
| 16:32 | Peon |
| 16:44 | Berserker Strength |
| 16:44 | Troll Regeneration |
| 16:48 | Grunt |
| 16:48 | Grunt |
| 16:49 | Troll Headhunter |
| 16:54 | Troll Headhunter |
| 17:50 | Steel Melee Weapons |
| 17:50 | Steel Armor |
| 17:53 | Spiked Barricades |
| 18:04 | Demolisher |
| 18:06 | Demolisher |
| 19:05 | Fortress |
| 19:11 | Troll Witch Doctor |
| 19:12 | Witch Doctor Adept Training |
| 20:37 | Grunt |
| 20:37 | Grunt |
| 20:37 | Grunt |
| Right click | 290 |
| Select | 226 |
| Build/train/purchase | 53 |
| Use ability | 22 |
| Minimap ping | 1 |
88 units @ 10.6k
/ 1.3k
163 buildings @ 10.2k
/ 5.1k
iggythefisk
(30:03) : 


x1)
| Scroll of Regeneration | 1 | 100 |
| Lesser Clarity Potion | 1 | 70 |
| Staff of Sanctuary | 3 | 750 |
| Orb of Fire | 2 | 650 |
| Scroll of Town Portal | 2 | 700 |
| Boots of Speed | 3 | 750 |
| Staff of Teleportation | 3 | 450 |
| Tome of Retraining | 1 | 300 |
| total: | 16 | 3770g |
| Peasant | 22 | 1650 | / | 0 |
| Priest | 1 | 135 | / | 10 |
| total: | 23 | 1785g | / | 10w |
| Scout Tower | 57 | 1710 | / | 1140 |
| Arcane Tower | 7 | 490 | / | 350 |
| Guard Tower | 30 | 2100 | / | 1500 |
| Altar of Kings | 2 | 360 | / | 100 |
| Farm | 5 | 400 | / | 100 |
| Lumber Mill | 1 | 120 | / | 0 |
| Arcane Vault | 3 | 390 | / | 90 |
| Town Hall | 2 | 770 | / | 410 |
| Arcane Sanctum | 1 | 150 | / | 140 |
| Keep | 2 | 640 | / | 420 |
| Castle | 2 | 720 | / | 420 |
| total: | 71 | 3900g | / | 1980w |
| 0:01 | Peasant |
| 0:05 | Altar of Kings |
| 0:10 | Peasant |
| 0:18 | Farm |
| 0:20 | Peasant |
| 0:33 | Lumber Mill |
| 0:35 | Peasant |
| 0:54 | Farm |
| 0:59 | Peasant |
| 1:10 | Arcane Vault |
| 1:11 | Peasant |
| 1:19 | Scout Tower |
| 1:27 | Peasant |
| 1:32 | Peasant |
| 1:34 | Scout Tower |
| 1:55 | Improved Masonry |
| 1:57 | Peasant |
| 2:03 | Summon Water Elemental |
| 2:10 | Peasant |
| 2:17 | Peasant |
| 2:19 | Arcane Tower |
| 2:26 | Peasant |
| 2:28 | Guard Tower |
| 2:30 | Scout Tower |
| 2:40 | Peasant |
| 2:54 | Scout Tower |
| 2:57 | Peasant |
| 3:06 | Guard Tower |
| 3:08 | Scout Tower |
| 3:16 | Brilliance Aura |
| 3:25 | Guard Tower |
| 3:27 | Scout Tower |
| 3:42 | Arcane Tower |
| 3:58 | Peasant |
| 4:16 | Keep |
| 4:18 | Scout Tower |
| 4:19 | Guard Tower |
| 4:43 | Scout Tower |
| 5:09 | Summon Water Elemental |
| 5:24 | Guard Tower |
| 5:24 | Guard Tower |
| 5:26 | Scout Tower |
| 5:26 | Scout Tower |
| 5:31 | Farm |
| 5:54 | Guard Tower |
| 6:36 | Guard Tower |
| 6:37 | Scout Tower |
| 6:51 | Castle |
| 7:26 | Town Hall |
| 7:55 | Scout Tower |
| 7:56 | Scout Tower |
| 7:57 | Scout Tower |
| 7:57 | Scout Tower |
| 7:57 | Scout Tower |
| 7:58 | Scout Tower |
| 8:00 | Guard Tower |
| 8:14 | Storm Bolt |
| 8:22 | Arcane Tower |
| 8:46 | Guard Tower |
| 9:09 | Boots of Speed |
| 9:10 | Staff of Teleportation |
| 9:19 | Advanced Masonry |
| 9:19 | Improved Lumber Harvesting |
| 9:40 | Guard Tower |
| 9:43 | Peasant |
| 9:54 | Guard Tower |
| 10:00 | Bash |
| 10:48 | Guard Tower |
| 10:48 | Peasant |
| 10:49 | Peasant |
| 10:49 | Peasant |
| 10:51 | Scout Tower |
| 10:52 | Scout Tower |
| 10:55 | Arcane Sanctum |
| 11:28 | Brilliance Aura |
| 11:42 | Imbued Masonry |
| 11:42 | Advanced Lumber Harvesting |
| 12:01 | Guard Tower |
| 12:02 | Peasant |
| 12:04 | Peasant |
| 12:21 | Scout Tower |
| 12:22 | Scout Tower |
| 12:22 | Scout Tower |
| 12:23 | Scout Tower |
| 12:29 | Arcane Vault |
| 12:47 | Scroll of Regeneration |
| 12:50 | Lesser Clarity Potion |
| 12:54 | Staff of Sanctuary |
| 12:54 | Scroll of Town Portal |
| 13:07 | Orb of Fire |
| 13:08 | Arcane Vault |
| 13:11 | Holy Light |
| 13:20 | Magic Sentry |
| 13:24 | Peasant |
| 13:28 | Arcane Tower |
| 13:29 | Guard Tower |
| 13:35 | Boots of Speed |
| 13:36 | Staff of Teleportation |
| 14:24 | Guard Tower |
| 14:26 | Guard Tower |
| 14:51 | Scout Tower |
| 14:54 | Scout Tower |
| 14:54 | Scout Tower |
| 14:55 | Scout Tower |
| 14:55 | Scout Tower |
| 14:56 | Scout Tower |
| 15:21 | Storm Bolt |
| 17:02 | Altar of Kings |
| 17:16 | Guard Tower |
| 17:19 | Scout Tower |
| 17:19 | Scout Tower |
| 17:21 | Scout Tower |
| 17:22 | Scout Tower |
| 17:35 | Town Hall |
| 17:45 | Guard Tower |
| 17:47 | Scout Tower |
| 17:48 | Scout Tower |
| 17:48 | Scout Tower |
| 17:51 | Scout Tower |
| 17:52 | Scout Tower |
| 18:00 | Scout Tower |
| 18:01 | Scout Tower |
| 18:02 | Scout Tower |
| 18:02 | Scout Tower |
| 18:14 | Scout Tower |
| 18:14 | Scout Tower |
| 18:19 | Arcane Tower |
| 18:38 | Boots of Speed |
| 18:38 | Staff of Teleportation |
| 18:45 | Guard Tower |
| 18:58 | Scout Tower |
| 18:59 | Scout Tower |
| 19:07 | Guard Tower |
| 19:28 | Farm |
| 19:29 | Farm |
| 19:39 | Scout Tower |
| 19:39 | Scout Tower |
| 20:06 | Guard Tower |
| 20:06 | Guard Tower |
| 20:08 | Scout Tower |
| 20:09 | Scout Tower |
| 20:13 | Guard Tower |
| 20:20 | Scout Tower |
| 20:21 | Scout Tower |
| 20:34 | Scroll of Town Portal |
| 20:42 | Guard Tower |
| 20:43 | Scout Tower |
| 21:11 | Guard Tower |
| 21:14 | Arcane Tower |
| 21:15 | Guard Tower |
| 21:16 | Guard Tower |
| 22:40 | Keep |
| 22:43 | Divine Shield |
| 22:54 | Priest |
| 23:24 | Scout Tower |
| 23:24 | Scout Tower |
| 24:23 | Guard Tower |
| 24:23 | Scout Tower |
| 24:24 | Scout Tower |
| 24:39 | Tome of Retraining |
| 24:39 | Retrain Hero |
| 25:38 | Blizzard |
| 25:39 | Brilliance Aura |
| 25:44 | Castle |
| 25:46 | Priest Adept Training |
| 25:46 | Sorceress Adept Training |
| 26:03 | Blizzard |
| 26:32 | Orb of Fire |
| 26:32 | Staff of Sanctuary |
| 29:15 | Staff of Sanctuary |
| Right click | 1596 |
| Select group | 924 |
| Select | 485 |
| Assign group | 284 |
| Build/train/purchase | 179 |
| Chat | 113 |
| Use ability | 83 |
| Misc. action | 65 |
| Resource trade | 10 |
| Item give/drop | 9 |
| Minimap ping | 7 |


| Scroll of Regeneration | 4 | 400 |
| Lesser Clarity Potion | 1 | 70 |
| Scroll of Town Portal | 4 | 1400 |
| total: | 9 | 1870g |
| Peasant | 11 | 825 | / | 0 |
| Footman | 5 | 675 | / | 0 |
| Rifleman | 16 | 3280 | / | 480 |
| Mortar Team | 8 | 1440 | / | 560 |
| total: | 40 | 6220g | / | 1040w |
| Scout Tower | 1 | 30 | / | 20 |
| Arcane Tower | 1 | 70 | / | 50 |
| Barracks | 1 | 160 | / | 60 |
| Altar of Kings | 1 | 180 | / | 50 |
| Farm | 11 | 880 | / | 220 |
| Arcane Vault | 1 | 130 | / | 30 |
| Blacksmith | 1 | 140 | / | 60 |
| Town Hall | 1 | 385 | / | 205 |
| Workshop | 1 | 140 | / | 140 |
| Keep | 1 | 320 | / | 210 |
| Castle | 1 | 360 | / | 210 |
| total: | 18 | 2045g | / | 785w |
| 0:02 | Peasant |
| 0:02 | Peasant |
| 0:07 | Barracks |
| 0:15 | Altar of Kings |
| 0:20 | Peasant |
| 0:22 | Farm |
| 0:43 | Farm |
| 0:47 | Peasant |
| 0:56 | Peasant |
| 1:09 | Footman |
| 1:15 | Peasant |
| 1:36 | Arcane Vault |
| 1:40 | Footman |
| 1:43 | Scout Tower |
| 2:02 | Farm |
| 2:04 | Footman |
| 2:15 | Summon Water Elemental |
| 2:18 | Arcane Tower |
| 2:32 | Footman |
| 2:51 | Peasant |
| 2:51 | Peasant |
| 3:10 | Footman |
| 3:13 | Farm |
| 3:19 | Brilliance Aura |
| 3:36 | Keep |
| 4:03 | Blacksmith |
| 4:06 | Farm |
| 4:32 | Summon Water Elemental |
| 4:45 | Scroll of Regeneration |
| 4:47 | Scroll of Regeneration |
| 5:25 | Black Gunpowder |
| 5:26 | Rifleman |
| 5:47 | Farm |
| 5:59 | Castle |
| 6:09 | Rifleman |
| 6:56 | Storm Bolt |
| 7:11 | Rifleman |
| 7:11 | Rifleman |
| 7:14 | Brilliance Aura |
| 7:58 | Rifleman |
| 8:01 | Lesser Clarity Potion |
| 8:10 | Workshop |
| 8:15 | Scroll of Town Portal |
| 8:15 | Scroll of Regeneration |
| 8:33 | Rifleman |
| 9:04 | Rifleman |
| 9:06 | Refined Gunpowder |
| 9:09 | Bash |
| 9:21 | Fragmentation Shards |
| 9:45 | Rifleman |
| 9:59 | Rifleman |
| 10:17 | Storm Bolt |
| 10:21 | Rifleman |
| 10:23 | Mortar Team |
| 10:23 | Mortar Team |
| 11:03 | Rifleman |
| 11:30 | Summon Water Elemental |
| 11:41 | Mortar Team |
| 11:42 | Mortar Team |
| 11:58 | Rifleman |
| 11:59 | Imbued Gunpowder |
| 12:17 | Farm |
| 12:18 | Farm |
| 12:19 | Farm |
| 12:27 | Scroll of Regeneration |
| 12:43 | Long Rifles |
| 13:01 | Mortar Team |
| 13:34 | Mortar Team |
| 13:37 | Rifleman |
| 13:37 | Rifleman |
| 14:08 | Studded Leather Armor |
| 14:24 | Rifleman |
| 15:19 | Farm |
| 15:19 | Farm |
| 15:23 | Reinforced Leather Armor |
| 16:00 | Mortar Team |
| 16:00 | Mortar Team |
| 16:28 | Scroll of Town Portal |
| 17:40 | Scroll of Town Portal |
| 18:33 | Scroll of Town Portal |
| 18:38 | Rifleman |
| 19:02 | Dragonhide Armor |
| 19:52 | Flare |
| 20:45 | Bash |
| 22:32 | Barrage |
| 22:34 | Iron Forged Swords |
| 22:36 | Iron Plating |
| 22:55 | Mass Teleport |
| 23:07 | Storm Bolt |
| 24:29 | Brilliance Aura |
| 24:31 | Avatar |
| 24:52 | Town Hall |
| 25:59 | Steel Plating |
| 25:59 | Backpack |
| 27:11 | Peasant |
| 27:11 | Peasant |
| 27:11 | Peasant |
| 29:33 | Blizzard |
| 29:37 | Bash |
| Right click | 1010 |
| Select group | 766 |
| Select | 460 |
| Misc. action | 223 |
| Build/train/purchase | 177 |
| Chat | 150 |
| Assign group | 34 |
| Use ability | 33 |
| Item give/drop | 7 |
| Minimap ping | 7 |
| Esc | 2 |
| Remove unit | 1 |



| Scroll of Regeneration | 2 | 200 |
| Lesser Clarity Potion | 1 | 70 |
| Staff of Sanctuary | 2 | 500 |
| Orb of Fire | 2 | 650 |
| Scroll of Town Portal | 4 | 1400 |
| Boots of Speed | 2 | 500 |
| Periapt of Vitality | 1 | 325 |
| Staff of Teleportation | 1 | 150 |
| total: | 15 | 3795g |
| Peasant | 21 | 1575 | / | 0 |
| Priest | 1 | 135 | / | 10 |
| Gryphon Rider | 3 | 840 | / | 210 |
| total: | 25 | 2550g | / | 220w |
| Scout Tower | 54 | 1620 | / | 1080 |
| Guard Tower | 13 | 910 | / | 650 |
| Altar of Kings | 1 | 180 | / | 50 |
| Farm | 11 | 880 | / | 220 |
| Lumber Mill | 1 | 120 | / | 0 |
| Arcane Vault | 1 | 130 | / | 30 |
| Blacksmith | 1 | 140 | / | 60 |
| Town Hall | 2 | 770 | / | 410 |
| Arcane Sanctum | 1 | 150 | / | 140 |
| Gryphon Aviary | 2 | 280 | / | 300 |
| Keep | 1 | 320 | / | 210 |
| Castle | 1 | 360 | / | 210 |
| total: | 74 | 4270g | / | 2290w |
| 0:04 | Peasant |
| 0:04 | Peasant |
| 0:07 | Altar of Kings |
| 0:11 | Farm |
| 0:29 | Peasant |
| 0:38 | Peasant |
| 0:38 | Peasant |
| 0:47 | Scout Tower |
| 1:03 | Peasant |
| 1:08 | Lumber Mill |
| 1:15 | Peasant |
| 1:15 | Peasant |
| 1:17 | Scout Tower |
| 1:25 | Scout Tower |
| 1:26 | Scout Tower |
| 1:28 | Peasant |
| 1:28 | Peasant |
| 1:47 | Scout Tower |
| 1:49 | Peasant |
| 1:56 | Farm |
| 2:00 | Peasant |
| 2:12 | Blizzard |
| 2:13 | Peasant |
| 2:18 | Scout Tower |
| 2:19 | Peasant |
| 2:19 | Peasant |
| 2:23 | Scout Tower |
| 2:41 | Farm |
| 2:42 | Guard Tower |
| 2:44 | Peasant |
| 3:15 | Scout Tower |
| 3:15 | Guard Tower |
| 3:16 | Peasant |
| 3:23 | Arcane Vault |
| 3:49 | Peasant |
| 3:54 | Keep |
| 3:58 | Scout Tower |
| 4:09 | Guard Tower |
| 4:35 | Guard Tower |
| 4:45 | Scout Tower |
| 4:49 | Scout Tower |
| 5:22 | Guard Tower |
| 5:24 | Scout Tower |
| 5:30 | Farm |
| 5:46 | Scroll of Regeneration |
| 5:47 | Lesser Clarity Potion |
| 5:53 | Guard Tower |
| 5:57 | Scout Tower |
| 5:58 | Scout Tower |
| 5:59 | Scout Tower |
| 6:00 | Scout Tower |
| 6:01 | Scout Tower |
| 6:02 | Scout Tower |
| 6:11 | Improved Masonry |
| 6:45 | Scroll of Town Portal |
| 7:03 | Arcane Sanctum |
| 7:09 | Peasant |
| 7:46 | Castle |
| 8:01 | Scout Tower |
| 8:02 | Scout Tower |
| 8:03 | Scout Tower |
| 8:03 | Scout Tower |
| 8:13 | Storm Bolt |
| 8:33 | Brilliance Aura |
| 8:43 | Magic Sentry |
| 8:43 | Priest |
| 8:47 | Guard Tower |
| 9:08 | Scout Tower |
| 9:08 | Scout Tower |
| 9:11 | Guard Tower |
| 9:15 | Scroll of Regeneration |
| 10:55 | Advanced Masonry |
| 10:56 | Improved Lumber Harvesting |
| 11:00 | Bash |
| 11:12 | Blacksmith |
| 11:33 | Holy Light |
| 12:14 | Imbued Masonry |
| 12:23 | Scout Tower |
| 12:24 | Scout Tower |
| 12:25 | Scout Tower |
| 12:26 | Scout Tower |
| 12:27 | Guard Tower |
| 12:30 | Scout Tower |
| 12:31 | Scout Tower |
| 12:32 | Scout Tower |
| 12:32 | Scout Tower |
| 13:13 | Iron Forged Swords |
| 13:15 | Priest Adept Training |
| 13:33 | Staff of Sanctuary |
| 13:37 | Orb of Fire |
| 13:56 | Guard Tower |
| 14:24 | Scout Tower |
| 14:24 | Scout Tower |
| 14:26 | Scout Tower |
| 14:27 | Scout Tower |
| 14:27 | Scout Tower |
| 14:37 | Guard Tower |
| 14:40 | Scout Tower |
| 14:41 | Scout Tower |
| 14:41 | Scout Tower |
| 14:42 | Scout Tower |
| 14:43 | Scout Tower |
| 16:11 | Divine Shield |
| 16:28 | Blizzard |
| 16:32 | Storm Bolt |
| 16:47 | Town Hall |
| 16:49 | Scout Tower |
| 16:50 | Scout Tower |
| 16:51 | Scout Tower |
| 16:55 | Scout Tower |
| 16:55 | Scout Tower |
| 16:58 | Scout Tower |
| 16:59 | Scout Tower |
| 17:00 | Scout Tower |
| 17:03 | Scout Tower |
| 17:05 | Scout Tower |
| 17:05 | Scout Tower |
| 17:06 | Scout Tower |
| 17:15 | Guard Tower |
| 17:52 | Guard Tower |
| 18:56 | Peasant |
| 18:56 | Peasant |
| 19:33 | Gryphon Aviary |
| 19:34 | Gryphon Aviary |
| 19:38 | Farm |
| 19:39 | Farm |
| 19:40 | Farm |
| 19:42 | Farm |
| 19:45 | Steel Forged Swords |
| 20:00 | Staff of Sanctuary |
| 20:00 | Orb of Fire |
| 20:01 | Scroll of Town Portal |
| 22:43 | Town Hall |
| 22:58 | Gryphon Rider |
| 23:47 | Gryphon Rider |
| 23:48 | Storm Hammers |
| 23:52 | Farm |
| 23:53 | Farm |
| 23:53 | Farm |
| 24:27 | Holy Light |
| 24:44 | Boots of Speed |
| 24:44 | Periapt of Vitality |
| 24:51 | Scroll of Town Portal |
| 24:52 | Staff of Teleportation |
| 24:52 | Boots of Speed |
| 25:39 | Scroll of Town Portal |
| 26:45 | Brilliance Aura |
| 27:13 | Gryphon Rider |
| 28:47 | Bash |
| Right click | 1671 |
| Select | 531 |
| Select group | 504 |
| Chat | 107 |
| Build/train/purchase | 100 |
| Use ability | 88 |
| Misc. action | 66 |
| Assign group | 60 |
| Minimap ping | 4 |
| Remove unit | 3 |
| Esc | 3 |
| Item give/drop | 2 |